 Dungeon Crawl Stone Soup version 0.29.1-12-g30fa7ad0bf (webtiles) character file.

Game seed: 13625905013503975843

271 RapScallion the Slasher (level 6, -6/39 (47) HPs)
             Began as a Human Fighter on Jan 15, 2023.
             Mangled by a wight
             ... wielding a +5 morningstar
              (17 damage)
             ... on level 4 of the Dungeon.
             The game lasted 00:14:38 (3965 turns).

RapScallion the Slasher (Human Fighter)             Turns: 3965, Time: 00:14:39

HP:   -6/39 (47)    AC:  7    Str: 16    XL:     6   Next: 47%
MP:   6/6           EV:  9    Int:  8    God:
Gold: 193           SH:  5    Dex: 15    Spells: 5/5 levels left

rFire   . . .      SeeInvis .   a - +0 long sword
rCold   . . .      Faith    .   c - +0 buckler
rNeg    . . .      Spirit   .   b - +0 scale mail
rPois   .          Reflect  .   (no helmet)
rElec   .          Harm     .   (no cloak)
rCorr   .          Rampage  .   (no gloves)
Will    .....                   (no boots)
Stlth   ..........              (no amulet)
HPRegen 0.13/turn               (no ring)
MPRegen 0.10/turn               (no ring)

@: heavily drained
A: no striking features
a: no special abilities


You were on level 4 of the Dungeon.
You visited 1 branch of the dungeon, and saw 4 of its levels.

You collected 193 gold pieces.

Inventory:

Hand Weapons
 a - a +0 long sword (weapon)
 q - a +1 dagger of speed
Missiles
 j - 4 poisoned darts (quivered)
Armour
 b - a +0 scale mail (worn)
 c - a +0 buckler (worn)
Wands
 k - a wand of digging (7)
 r - a wand of flame (16)
Scrolls
 e - 2 scrolls of magic mapping {unknown}
 f - 2 scrolls of immolation {unknown}
 i - a scroll of noise {unknown}
 l - 4 scrolls of identify {unknown}
 o - 2 scrolls of poison {unknown}
Potions
 d - 2 potions of might
 g - a potion of attraction {unknown}
 h - 2 potions of curing {unknown}
 m - a potion of haste {unknown}
 n - 3 potions of degeneration {unknown}
 p - a potion of heal wounds {unknown}


   Skills:
 + Level 3.5 Fighting
 + Level 4.6 Long Blades
 + Level 4.0 Armour
 + Level 0.7 Dodging
 + Level 0.1 Stealth
 + Level 3.8 Shields


You had 5 spell levels left.
You didn't know any spells.
Your spell library was empty.

Dungeon Overview and Level Annotations

Branches:
Dungeon (4/15)
 Temple: D:4-7

Altars:


Message History

You climb downwards.
There is a stone staircase leading up here.
Found a scroll labelled FEIPLU ETOQEH.
l - 4 scrolls labelled FEIPLU ETOQEH (gained 1)
Found a quarterstaff.
Found 11 gold pieces. 2 wights come into view.
Found 12 gold pieces.
You hit the wight but do no damage. The wight barely misses you.
You hit the wight.
The wight is moderately damaged.
The wight hits you with a +0 hand axe.
You feel drained.
You hit the wight.
The wight is heavily damaged.
The wight hits you with a +0 hand axe.
You closely miss the wight.
The wight is heavily damaged.
The wight hits you with a +0 hand axe.
You feel drained.
You closely miss the wight.
The wight hits you with a +5 morningstar.
You feel drained.
You hit the wight.
The wight is moderately damaged.
The wight closely misses you.
You barely miss the wight.
The wight is moderately damaged.
You block the wight's attack.
You closely miss the wight.
The wight is moderately damaged.
You block the wight's attack.
The wight hits you with a +5 morningstar!
You feel drained.
You hit the wight.
The wight is heavily damaged.
The wight hits you with a +5 morningstar.
You feel drained.
* * * LOW HITPOINT WARNING * * *
The wight attacks as you move away!
The wight hits you with a +5 morningstar!
You die...

#.###########.#
#.............#
#.###########.#
#.# #.# #.# #.#
#.# #.### #.#
#.#z. ###.#####
#.#z# ####
#.......#####
#@#.#.....
#####........
#z#.$...##
#####.#.#####
#z........
#<...........
###..$..##
#####.#.####.
.....# #.#.#
#....# #.# #
)..... #.#
...... #.#
#####


You could see 2 wights.

Vanquished Creatures
  Ijyb (D:3)
  Jessica (D:2)
  Terence (D:3)
  2 orc wizards (D:3)
  Natasha (twice) (D:3)
  An adder (D:2)
  5 worms
  2 orcs (D:3)
  5 bats
  3 endoplasms
  2 giant cockroaches
  6 hobgoblins
  7 jackals
  8 kobolds
  A quokka (D:3)
  5 ball pythons
  6 frilled lizards
  7 goblins
  7 rats
72 creatures vanquished.

Notes
Turn   | Place    | Note
-------+----------+-------------------------------------------
     0 | D:1      | RapScallion the Human Fighter began the quest for the Orb.
     0 | D:1      | Reached XP level 1. HP: 18/18 MP: 1/1
   101 | D:1      | Reached XP level 2. HP: 21/24 MP: 2/2
   575 | D:1      | Reached XP level 3. HP: 28/29 MP: 3/3
   577 | D:1      | Noticed a golden eye
   579 | D:1      | Noticed a shining eye
   583 | D:1      | Found a faded altar of an unknown god.
   672 | D:1      | Noticed a floating eye
   677 | D:1      | Noticed a shining eye
  1246 | D:2      | Reached XP level 4. HP: 34/35 MP: 4/4
  1249 | D:2      | Noticed Jessica
  1259 | D:2      | Killed Jessica
  2177 | D:3      | Reached XP level 5. HP: 41/41 MP: 5/5
  2574 | D:3      | Noticed Ijyb
  2580 | D:3      | Paralysed by Ijyb for 3 turns
  2597 | D:3      | Killed Ijyb
  2673 | D:3      | Noticed Terence
  2689 | D:3      | Killed Terence
  3073 | D:3      | Reached XP level 6. HP: 17/47 MP: 6/6
  3438 | D:3      | Noticed Natasha
  3455 | D:3      | Killed Natasha
  3809 | D:3      | Noticed Natasha
  3817 | D:3      | Killed Natasha
  3965 | D:4      | Mangled by a wight

Illustrated notes

Levels and vault maps discovered:
D:1:      dpeg_arrival_prison, layout_basic,
          hellmonk_ecumenical_altar_watching_god
D:2:      layout_basic, uniq_jessica
D:3:      layout_loops_corners, hangedman_abyss_or_decor_stabs,
          grunt_ministairs_15, st_stairs_2, minmay_misc_feat_alley,
          uniq_natasha, uniq_terence, uniq_ijyb
D:4:      layout_basic, mainiacjoe_overflow_chevrons, old_standard_altar,
          kennysheep_little_box, zin_scriptorium,
          mainiacjoe_overflow_surrounded_room, uniq_eustachio

Skill      XL: |  1  2  3  4  5  6 |
---------------+-------------------+-----
Long Blades    | 3 4 |  4.6
Armour         | 4 |  4.0
Fighting       | |  3.5
Dodging        | |  0.7
Stealth        | |  0.1
Shields        | |  3.8

Action                   |  1- 3 |  4- 6 || total
-------------------------+-------+-------++-------
Melee: Long sword        |   114 |   187 ||   301
Armor: Scale mail        |    65 |    56 ||   121
Dodge: Dodged            |    56 |    60 ||   116
Block: Buckler           |    35 |    33 ||    68
